 Dungeon Crawl Stone Soup version 0.24.0-1-gfbc8707122 (console) character file.

Game seed: 16545668078205865430, levelgen mode: deterministic

3218 AlterAsc the Cleaver (level 9, 0/82 (83) HPs)
             Began as a Hill Orc Berserker on Oct 28, 2019.
             Was an Elder of Trog.
             Slain by an orc priest
             ... wielding a +0 short sword
              (4 damage)
             ... on level 8 of the Dungeon.
             The game lasted 00:25:16 (6036 turns).

AlterAsc the Cleaver (Hill Orc Berserker)           Turns: 6036, Time: 00:25:17

HP:   0/82 (83)     AC: 13    Str: 23    XL:     9   Next: 97%
MP:   9/9           EV: 11    Int:  7    God:    Trog [****..]
Gold: 98            SH:  0    Dex: 10    Spells: 8/8 levels left

rFire    + + .     SeeInvis .   a - +0 hand axe
rCold    x . .     Gourm    .   (no shield)
rNeg     . . .     Faith    .   M - +0 fire dragon scales
rPois    +         Spirit   .   u - +0 helmet
rElec    .         Reflect  .   I - +0 cloak {rPois}
rCorr    .         Harm     .   (no gloves)
MR       .....                  H - +0 pair of boots
Stlth    ..........             (no amulet)
HPRegen  0.23/turn              (no ring)
MPRegen  0.11/turn              (no ring)

@: berserk cooldown, slowed, very slow
A: no striking features
a: Berserk, Trog's Hand, Brothers in Arms, Renounce Religion, Convert to Beogh


You were on level 8 of the Dungeon.
You worshipped Trog.
Trog was greatly pleased with you.
You were hungry.

You visited 1 branch of the dungeon, and saw 8 of its levels.

You collected 325 gold pieces.
You spent 227 gold pieces at shops.

Inventory:

Hand Weapons
 a - a +0 hand axe (weapon)
 b - a +2 vampiric spear
 D - a +2 halberd of venom
 G - a +2 whip of venom
Armour
 f - a +0 plate armour
 u - a +0 helmet (worn)
 x - a +0 scale mail
 H - a +0 pair of boots (worn)
 I - a +0 cloak of poison resistance (worn)
 M - +0 fire dragon scales (worn)
Jewellery
 k - an uncursed amulet of regeneration
 y - a +4 ring of protection {unknown}
Wands
 n - a wand of random effects (21)
 v - a wand of iceblast (15)
 C - a wand of digging (4)
 K - a wand of acid (10)
 L - a wand of flame (17)
Scrolls
 g - 4 scrolls of enchant weapon
 h - 5 scrolls of identify
 m - 2 scrolls of fear {unknown}
 p - 2 scrolls of blinking {unknown}
 q - a scroll of noise {unknown}
 s - 3 scrolls of magic mapping
 t - 5 scrolls of teleportation
 w - 6 scrolls of remove curse {unknown}
 E - a scroll of amnesia {unknown}
 F - a scroll of enchant armour {unknown}
Potions
 d - 3 potions of brilliance {unknown}
 e - 2 potions of haste {unknown}
 i - a potion of flight {unknown}
 j - 2 potions of lignification
 l - a potion of invisibility {unknown}
 o - a potion of degeneration {unknown}
 r - 3 potions of magic {unknown}
 z - 4 potions of curing {unknown}
 A - 2 potions of resistance {unknown}
 B - a potion of might
 N - a potion of heal wounds {unknown}
Comestibles
 c - 15 rations
 J - 7 chunks of flesh


   Skills:
 + Level 9.3 Fighting
 * Level 13.3 Axes
 - Level 5.0 Armour
 - Level 3.4 Dodging


You had 8 spell levels left.
You didn't know any spells.
Your spell library contained the following spells:

 Spells                   Type           Power        Failure   Level  Hunger
 Magic Dart               Conj           #...         80%         1    ##.....
 Blink                    Tloc           N/A          90%         2    ###....
 Call Imp                 Summ           #.......     90%         2    ###....
 Slow                     Hex            #.......     90%         2    ###....
 Conjure Flame            Conj/Fire      #.......     99%         3    ####...
 Mephitic Cloud           Conj/Pois/Air  #.......     99%         3    ####...


Dungeon Overview and Level Annotations

Branches:
Dungeon (8/15)             Temple (0/1) D:4
   Lair: D:8-11

Altars:
Ashenzari
Gozag
Nemelex Xobeh
Okawaru
Ru
Wu Jian
Xom

Shops:
D:5 }[   D:7 *


Message History

A slave comes into view.
The orc warrior hits you with a cursed -1 hand axe.
The orc wizard hits you but does no damage.
The orc priest mumbles some strange prayers to Beogh against you.
Beogh smites you! The jelly closely misses you.
You don't know any spells.
You fail to use your ability.
The orc wizard hits you but does no damage.
The orc warrior hits you with a cursed -1 hand axe!
* * * LOW HITPOINT WARNING * * *
The orc wizard closely misses you.
The orc priest hits you but does no damage.
The jelly hits you but does no damage. The orc wizard casts a spell at you.
The magic dart hits you but does no damage.
The orc wizard completely misses you.
The orc warrior hits you with a cursed -1 hand axe!
* * * LOW HITPOINT WARNING * * *
The orc priest hits you with a +0 short sword.
You die...

........##
.........# ..
.........####.#
..............#
..............#
........._..#
###...[...o....#
.$.......J@....#
.........ooo.)##
..........Z)#.#
..........†p#.# ..
#.........)..##....
..#.................
.......<...#.###....
.....#####..........
... #..........


You could see an orc warrior, a slave, a jelly, an orc priest, 2 orc wizards and
a worker ant zombie.

Vanquished Creatures
  A troll (D:6)
  A hippogriff (D:5)
  2 steam dragons
  2 orc warriors
  2 slaves (D:8)
  3 ogres
  A necrophage (D:7)
  5 centaurs
  Blork the orc (D:6)
  A bullfrog (D:8)
  A howler monkey (D:6)
  4 crimson imps
  A centaur skeleton (D:4)
  5 hounds
  2 jellies
  8 orc wizards
  4 orc priests
  Jessica (D:2)
  Ijyb (D:3)
  An iguana (D:7)
  6 worker ants
  Natasha (thrice) (D:3)
  2 hound skeletons
  A worker ant zombie (D:5)
  Robin (D:3)
  8 gnolls (D:4)
  12 adders
  A shadow imp (D:5)
  5 oozes
  An adder zombie (D:6)
  A worm (D:2)
  A dart slug (D:4)
  7 leopard geckos
  35 orcs
  A giant cockroach (D:1)
  14 goblins
  14 hobgoblins
  4 kobolds
  4 quokkas
  3 ball pythons
  9 bats
  9 frilled lizards
  A leopard gecko skeleton (D:4)
  A leopard gecko zombie (D:6)
  A quokka skeleton (D:8)
  A quokka zombie (D:4)
  4 rats
197 creatures vanquished.

Vanquished Creatures (others)
  A worker ant (D:8)
  An orc (D:6)
2 creatures vanquished.

Grand Total: 199 creatures vanquished

Notes
Turn   | Place    | Note
-------+----------+-------------------------------------------
     0 | D:1      | AlterAsc the Hill Orc Berserker began the quest for the
                  | Orb.
     0 | D:1      | Reached XP level 1. HP: 19/19 MP: 1/1
   296 | D:1      | Reached XP level 2. HP: 27/27 MP: 2/2
   789 | D:2      | Reached XP level 3. HP: 27/33 MP: 3/3
   933 | D:2      | You fall into a shaft and drop 1 floor!
   936 | D:3      | Noticed Ijyb
   949 | D:3      | Reached skill level 5 in Axes
   950 | D:3      | Reached ** piety under Trog
   962 | D:3      | Killed Ijyb
   962 | D:3      | Reached XP level 4. HP: 32/40 MP: 4/4
  1146 | D:2      | Reached XP level 5. HP: 26/47 MP: 5/5
  1218 | D:2      | Found a shattered altar of Ashenzari.
  1348 | D:2      | Noticed Jessica
  1352 | D:2      | Killed Jessica
  1589 | D:3      | Noticed Natasha
  1599 | D:3      | Killed Natasha
  1649 | D:3      | Reached skill level 6 in Axes
  1898 | D:3      | Noticed Robin
  1914 | D:3      | Reached XP level 6. HP: 53/53 MP: 6/6
  1925 | D:3      | Killed Robin
  1925 | D:3      | Reached *** piety under Trog
  1958 | D:3      | Noticed Natasha
  1968 | D:3      | Killed Natasha
  1980 | D:3      | Noticed Natasha
  1992 | D:3      | Killed Natasha
  2247 | D:4      | Reached skill level 5 in Fighting
  2275 | D:4      | Reached skill level 7 in Axes
  2308 | D:4      | Reached XP level 7. HP: 41/61 MP: 7/7
  2335 | D:4      | Found a staircase to the Ecumenical Temple.
  2531 | D:4      | Found a sparkling altar of Nemelex Xobeh.
  2736 | D:4      | HP: 3/61 [poisoned by a gnoll]
  3019 | D:4      | Found an ornate altar of the Wu Jian Council.
  3105 | D:4      | Found an iron altar of Okawaru.
  3107 | D:4      | Found an opulent altar of Gozag.
  3174 | D:5      | Entered Level 5 of the Dungeon
  3305 | D:5      | Reached skill level 8 in Axes
  3369 | D:5      | Found a sacrificial altar of Ru.
  3418 | D:5      | Reached XP level 8. HP: 46/70 MP: 8/8
  3430 | D:5      | Reached skill level 5 in Armour
  3687 | D:5      | Noticed a hippogriff
  3694 | D:5      | Killed a hippogriff
  3694 | D:5      | Reached skill level 9 in Axes
  3761 | D:5      | Reached **** piety under Trog
  4035 | D:5      | Found Hanwog's Gadget Boutique.
  4049 | D:5      | Found Hotuosche's Antique Armour Shoppe.
  4064 | D:5      | Bought a pair of boots for 85 gold pieces
  4064 | D:5      | Bought a runed cloak for 142 gold pieces
  4474 | D:6      | Found a shimmering altar of Xom.
  4475 | D:6      | Found a shimmering altar of Xom.
  4476 | D:6      | Found a shimmering altar of Xom.
  4476 | D:6      | Found a shimmering altar of Xom.
  4476 | D:6      | Found a shimmering altar of Xom.
  4477 | D:6      | Found a shimmering altar of Xom.
  4478 | D:6      | Found a shimmering altar of Xom.
  4479 | D:6      | Found a shimmering altar of Xom.
  4496 | D:6      | Reached skill level 10 in Axes
  4671 | D:6      | Noticed a troll
  4680 | D:6      | Killed a troll
  4680 | D:6      | Reached skill level 11 in Axes
  4680 | D:6      | Reached XP level 9. HP: 80/80 MP: 9/9
  4720 | D:6      | Noticed Blork the orc
  4754 | D:6      | Killed Blork the orc
  5289 | D:7      | Reached skill level 12 in Axes
  5293 | D:7      | Found Duntep's Assorted Antiques.
  6006 | D:8      | Found a sparkling altar of Nemelex Xobeh.
  6018 | D:8      | Reached skill level 13 in Axes
  6036 | D:8      | HP: 4/82 [orc warrior/cursed -1 hand axe (13)]
  6036 | D:8      | Slain by an orc priest

Levels and vault maps discovered:
D:1:      wander_arrival_desolate, layout_loops_ring
D:2:      layout_rooms, nicolae_ashenzari_panopticon, kennysheep_jessica_study
D:3:      layout_rooms, uniq_robin, uniq_natasha, uniq_ijyb
D:4:      layout_loops_cross, kennysheep_little_box,
          gammafunk_temple_overflow_statue, minmay_temple_entry_arrows,
          nemelex_lonely_heart_becter
D:5:      layout_cave_pools, nicolae_ru_great_annihilating_truth, serial_shops,
          shop, shop_statue, first_ration, minmay_divided_ellipse
D:6:      layout_basic, xom_redecorated, uniq_blork_the_orc
D:7:      layout_loops_corners, serial_shops, shop
D:8:      layout_rooms, overflow_temple_1_default, basic_altar, uniq_pikel

Skill      XL: |  1  2  3  4  5  6  7  8  9 |
---------------+----------------------------+-----
Fighting       | 4 5 7 9 |  9.3
Armour         | 3 4 5 |  5.0
Axes           | 5 6 7 8 11 13 | 13.3
Dodging        | 2 3 |  3.4

Action                   |  1- 3 |  4- 6 |  7- 9 || total
-------------------------+-------+-------+-------++-------
Melee: Hand axe          |   115 |   185 |   463 ||   763
       Spear             |       |    23 |       ||    23
Invok: Berserk           |     1 |     5 |    10 ||    16
       Trog's Hand       |       |     2 |     1 ||     3
  Use: Scroll            |       |     2 |     2 ||     4
 Stab: Paralysed         |       |       |     1 ||     1
  Eat: Chunk             |       |    11 |    21 ||    32
Armor: Plate armour      |    66 |     1 |    68 ||   135
       Ring mail         |       |    32 |       ||    32
       Scale mail        |       |    58 |    81 ||   139
       Fire dragon scale |       |       |    41 ||    41
Dodge: Dodged            |    36 |   114 |   225 ||   375
